 Dungeon Crawl Stone Soup version 0.17-a0-1037-gbf358b4 (webtiles) character file.

3021 Fluffy the Cleaver (level 9, 0/85 HPs)
             Began as a Hill Orc Fighter on May 14, 2015.
             Was a Follower of Qazlal.
             Shot with a sling bullet by Joseph (1 damage)
             ... on level 7 of the Dungeon.
             The game lasted 00:18:50 (7298 turns).

Fluffy the Cleaver (Hill Orc Fighter)               Turns: 7298, Time: 00:18:50

Health: 0/85       AC:  7    Str: 19    XL:     9   Next: 85%
Magic:  13/13      EV:  4    Int:  8    God:    Qazlal [*.....]
Gold:   271        SH: 12    Dex: 19    Spells: 0 memorised, 8 levels left

rFire  . . .     SeeInvis +     a - +1 war axe
rCold  + . .     Clarity  .     x - +1 plate armour {rC+}
rNeg   . . .     SustAb   .     c - +0 shield
rPois  .         Gourm    .     (no helmet)
rElec  .         Spirit   .     s - +1 cloak
rCorr  .         Warding  .     (no gloves)
rMut   .         Stasis   .     (no boots)
MR     .....                    (no amulet)
Stlth  ..........               w - ring of see invisible
                                j - +6 ring of dexterity

@: corroded equipment, very slightly contaminated, hasted, invisible, very
quick, not resistant to hostile enchantments, extremely unstealthy
A: no striking features
a: Renounce Religion


You were on level 7 of the Dungeon.
You worshipped Qazlal.
Qazlal was aware of your devotion.
You were not hungry.

You visited 2 branches of the dungeon, and saw 8 of its levels.
You also visited: Ossuary.

You collected 271 gold pieces.

Inventory:

Hand weapons
 a - a +1 war axe (weapon)
Armour
 c - a +0 shield (worn)
 s - a +1 cloak (worn)
 x - a +1 plate armour of cold resistance (worn)
Jewellery
 j - a +6 ring of dexterity (left hand)
 k - an uncursed ring of magical power
 w - a ring of see invisible (right hand)
Magical devices
 d - a wand of digging (13)
 y - a wand of digging (13)
Scrolls
 b - a scroll of recharging
 f - a scroll of remove curse
 i - 6 scrolls of teleportation
 v - 2 scrolls of blinking
Potions
 g - a potion of brilliance
 l - a potion of invisibility
 m - 5 potions of lignification
 n - 2 potions of curing
 r - a potion of resistance {unknown}
 t - a potion of mutation {unknown}
 u - 3 potions of magic
 A - a potion of flight {unknown}
 B - a potion of berserk rage {unknown}
 C - a potion of heal wounds {unknown}
Comestibles
 e - 4 bread rations
 h - a royal jelly
 o - a slice of pizza
 p - 4 meat rations
 z - 2 beef jerkies


   Skills:
 + Level 9.6 Fighting
 + Level 9.9 Axes
 + Level 8.4 Armour
 - Level 3.2 Shields
 + Level 5.6 Invocations


You had 8 spell levels left.
You didn't know any spells.

Dungeon Overview and Level Annotations

Branches:
Dungeon (7/15)             Temple (1/1) D:5

Altars:
Ashenzari
Cheibriados
Dithmenos
Elyvilon
Fedhas
Gozag
Kikubaaqudgha
Makhleb
Nemelex Xobeh
Okawaru
Qazlal
Sif Muna
Trog
Xom
Yredelemnul
Zin
The Shining One

Shops:
D:7 }

Annotations:
D:7 Joseph


Message History

* * * LOW HITPOINT WARNING * * *
Joseph shoots a sling bullet.
The sling bullet closely misses the gnoll.
You block the sling bullet.
You closely miss the gnoll.
The gnoll is lightly wounded.
You block the gnoll's attack. The gnoll barely misses you.
Joseph shoots a sling bullet.
The sling bullet hits the gnoll!
The sling bullet freezes the gnoll.
The gnoll dies!
You closely miss the gnoll.
The gnoll is lightly wounded.
You block the gnoll's attack.
Unknown command.
You hit the gnoll but do no damage.
The gnoll is lightly wounded.
Joseph shoots a sling bullet.
The sling bullet hits you.
* * * LOW HITPOINT WARNING * * *
The sling bullet freezes you.
You die...

## +..... .. ###. #....#
..## #..# #....##..
#'###..##
#.....'...#.......#
#.....#...'..(.@.###### ##
.#.....#...#...g.§##..(##.##
.#.g...#...#....∩.(#(§(....#
.'.p)..#...#.......'.......#
##†(.###..###.###+##@......#
#(..###..###+##..##..##..##
##(.............p)###'#####
....(.............g....#
##....#.##.#..#...#(...#


You could see Joseph and a gnoll.

Vanquished Creatures
  Pikel (D:7)
  Grinder (D:5)
  Sigmund (D:4)
  2 water moccasins (D:6)
  Duvessa (D:4)
  A sky beast (D:6)
  An ice beast (D:6)
  An orc warrior (D:6)
  An ogre (D:7)
  A giant frog (D:7)
  3 elf zombies
  Dowan (D:4)
  An elf skeleton (D:4)
  2 scorpions (D:6)
  3 crimson imps
  2 hounds
  A wasp zombie (D:4)
  2 giant frog zombies (D:5)
  3 orc wizards
  2 jellies
  4 worker ants
  A centaur skeleton (D:7)
  A human skeleton (D:4)
  An orc priest (D:3)
  2 human zombies (Ossuary)
  An iguana (D:7)
  A big kobold zombie (Ossuary)
  2 mummies (Ossuary)
  6 gnolls
  10 adders
  2 adder zombies
  6 worms
  7 giant geckos
  15 orcs
  2 ball pythons (D:4)
  A bat zombie (D:5)
  9 giant cockroaches
  9 goblins
  13 hobgoblins
  6 jackals
  2 quokkas
  9 bats
  A giant gecko skeleton (D:5)
  3 giant newts
  A goblin zombie (Ossuary)
  11 hobgoblin zombies (Ossuary)
  2 jackal zombies (Ossuary)
  12 kobolds
  10 kobold zombies (Ossuary)
  9 orc zombies
  A quokka skeleton (D:7)
  A quokka zombie (D:5)
  11 rats
  A rat zombie (Ossuary)
204 creatures vanquished.

Vanquished Creatures (others)
  A gnoll sergeant (D:7)
  A hound (D:7)
  A gnoll (D:7)
  A giant gecko (D:7)
  A goblin (D:7)
5 creatures vanquished.

Grand Total: 209 creatures vanquished

Notes
Turn   | Place    | Note
--------------------------------------------------------------
     0 | D:1      | Fluffy the Hill Orc Fighter began the quest for the Orb.
     0 | D:1      | Reached XP level 1. HP: 19/19 MP: 1/1
   160 | D:1      | Reached XP level 2. HP: 25/27 MP: 2/2
   704 | D:2      | Reached skill level 4 in Fighting
   715 | D:2      | Reached XP level 3. HP: 22/33 MP: 3/3
   935 | D:2      | Found a shadowy altar of Dithmenos.
   947 | D:2      | HP: 1/34 [worm (9)]
  1339 | D:2      | Reached XP level 4. HP: 41/41 MP: 4/4
  1759 | D:3      | Found a sparkling altar of Nemelex Xobeh.
  1843 | D:3      | Reached skill level 5 in Fighting
  1867 | D:3      | Reached XP level 5. HP: 25/48 MP: 5/5
  2418 | D:3      | Reached skill level 5 in Axes
  2539 | D:4      | Found a burning altar of Makhleb.
  2668 | D:4      | Reached XP level 6. HP: 41/56 MP: 6/6
  2736 | D:4      | Reached skill level 5 in Armour
  2737 | D:4      | Found a sand-covered staircase.
  2748 | Ossuary  | Entered an ossuary
  3020 | Ossuary  | Reached skill level 6 in Fighting
  3030 | Ossuary  | Reached XP level 7. HP: 54/63 MP: 7/7
  3221 | D:4      | Noticed Sigmund
  3262 | D:4      | Killed Sigmund
  3262 | D:4      | Reached skill level 7 in Fighting
  3587 | D:4      | Reached XP level 8. HP: 71/73 MP: 8/8
  3943 | D:4      | Noticed Dowan
  3944 | D:4      | Noticed Duvessa
  3965 | D:4      | Killed Duvessa
  3992 | D:4      | Killed Dowan
  4123 | D:4      | Found an ancient bone altar of Kikubaaqudgha.
  4738 | D:5      | Entered Level 5 of the Dungeon
  4784 | D:5      | Found a staircase to the Ecumenical Temple.
  4793 | Temple   | Entered the Ecumenical Temple
  4918 | Temple   | Became a worshipper of Qazlal Stormbringer
  5069 | D:5      | Reached skill level 8 in Fighting
  5069 | D:5      | Reached skill level 1 in Invocations
  5538 | D:5      | Noticed Grinder
  5568 | D:5      | Killed Grinder
  5953 | D:6      | Reached XP level 9. HP: 61/82 MP: 11/11
  6065 | D:6      | Found a white marble altar of Elyvilon.
  6401 | D:6      | Found a white marble altar of Elyvilon.
  6409 | D:6      | Found a shimmering altar of Xom.
  6420 | D:6      | Found an opulent altar of Gozag.
  6549 | D:6      | Acquired Qazlal's first power
  6549 | D:6      | Reached skill level 9 in Axes
  6994 | D:7      | Noticed Pikel
  7006 | D:7      | Killed Pikel
  7006 | D:7      | Reached skill level 5 in Invocations
  7239 | D:7      | Noticed Joseph
  7291 | D:7      | Found Gomymni's Gadget Shop.
  7295 | D:7      | HP: 4/85 [gnoll (6)]
  7298 | D:7      | HP: 1/85 [Joseph/sling bullet (4)]
  7298 | D:7      | Shot with a sling bullet by Joseph

Vault maps used:
D:1:      lightli_arrival_maybe_door_vault
D:2:      first_bread, grunt_dithmenos_smoke_and_mirrors
D:3:      lemuel_coloured_pillars_altar, kennysheep_generic_room_10
D:4:      lemuel_doored_altar, nicolae_overflow_crystal_walls,
          nicolae_ossuary_entry_catacombs, uniq_duvessa, uniq_sigmund
D:5:      minmay_temple_entry_mist, uniq_grinder
D:6:      minmay_overflow_temple_star_quad, basic_altar, minmay_misc_feat_iff,
          minmay_misc_feat_plants, minmay_misc_feat_room, minmay_crystal_room,
          serial_bayou_pond_d
D:7:      gammafunk_temple_overflow_wave, serial_shops, shop, grunt_ogre_cave,
          uniq_joseph, uniq_pikel
Temple:   triangle_lava_temple_11
Ossuary:  ossuary_tomb_1

Action                   |  1- 3 |  4- 6 |  7- 9 || total
-------------------------+-------+-------+-------++-------
Melee: War axe           |   113 |   298 |   436 ||   847
Evoke: Wand              |       |       |     4 ||     4
  Use: Scroll            |       |     4 |    11 ||    15
       Potion            |       |       |     4 ||     4
  Eat: Chunk             |     1 |     6 |    15 ||    22
